 Dungeon Crawl Stone Soup version 0.26-a0-651-gb41185065b (webtiles) character file.

Game seed: 10754574286632157228

(classic levelgen) 1969 EnegeticOcto the Cleaver (level 9, 0/81 HPs)
             Began as a Deep Dwarf Fighter on Oct 9, 2020.
             Was a Believer of Makhleb.
             Slain by a two-headed ogre
             ... wielding a cursed -2 giant spiked club
              (13 damage)
             ... on level 8 of the Dungeon.
             The game lasted 00:02:22 (4410 turns).

EnegeticOcto the Cleaver (Deep Dwarf Fighter)       Turns: 4410, Time: 00:02:23

Health: 0/81       AC: 17    Str: 23    XL:     9   Next: 0%
Magic:  8/8        EV:  5    Int:  9    God:    Makhleb [**....]
Gold:   317        SH: 10    Dex: 12    Spells: 8/8 levels left

rFire    . . .     SeeInvis .   a - +0 war axe
rCold    . . .     Faith    +   c - +0 kite shield
rNeg     . . .     Spirit   .   v - +0 plate armour
rPois    .         Reflect  .   p - +2 helmet
rElec    .         Harm     .   k - +0 cloak
rCorr    .         Rampage  .   (no gloves)
MR       +....                  (no boots)
Stlth    ..........             g - amulet of faith
HPRegen  0.00/turn              (no ring)
MPRegen  0.11/turn              (no ring)

@: non-regenerating
A: damage resistance, heal wounds, sense surroundings 2, no regeneration
a: Heal Wounds, Minor Destruction, Renounce Religion


You were on level 8 of the Dungeon.
You worshipped Makhleb.
Makhleb was pleased with you.
You visited 2 branches of the dungeon, and saw 9 of its levels.

You collected 317 gold pieces.

Inventory:

Hand Weapons
 a - a +0 war axe (weapon)
Armour
 c - a +0 kite shield (worn)
 k - a +0 cloak (worn)
 p - a +2 helmet (worn)
 v - a +0 plate armour (worn)
Jewellery
 g - an amulet of faith (around neck)
Wands
 r - a wand of disintegration (11)
Scrolls
 e - 3 scrolls of remove curse {unknown}
 h - 4 scrolls of identify {unknown}
 j - 6 scrolls of blinking {unknown}
 l - a scroll of fog {unknown}
 q - 2 scrolls of enchant armour {unknown}
 s - a scroll of teleportation {unknown}
 t - a scroll of magic mapping {unknown}
 y - a scroll of fear {unknown}
 B - a scroll of noise {unknown}
Potions
 d - a potion of might {@q3}
 f - 3 potions of stabbing {unknown}
 i - 6 potions of curing {unknown}
 n - 3 potions of heal wounds {@q2}
 o - a potion of flight {unknown}
 u - 2 potions of degeneration {unknown}
 x - a potion of mutation {unknown}
 z - a potion of magic {unknown}


   Skills:
 + Level 5.2 Fighting
 * Level 8.0 Axes
 + Level 6.3 Armour
 + Level 6.2 Shields
 + Level 4.9 Invocations


You had 8 spell levels left.
You didn't know any spells.
Your spell library was empty.

Dungeon Overview and Level Annotations

Branches:
Dungeon (8/15)             Temple (1/1) D:4
   Lair: D:8-11

Altars:
Ashenzari
Cheibriados
Dithmenos
Elyvilon
Fedhas
Gozag
Hepliaklqana
Kikubaaqudgha
Makhleb
Nemelex Xobeh
Okawaru
Qazlal
Ru
Sif Muna
Trog
Uskayaw
Vehumet
Wu Jian
Xom
Yredelemnul
The Shining One

Shops:
D:7 :

Annotations:
D:5 1 runed translucent door, Amon001's ghost, weakling GnDe


Innate Abilities, Weirdness & Mutations

You are resistant to damage.
You can heal yourself by infusing magical energy.
You passively map the area around you.
You do not regenerate.


Message History

Drop what? 28/52 slots (_ for help) (? for menu, Esc to quit)
You remove your ring of wizardry.
You drop an uncursed ring of wizardry.
You remove your ring of stealth.
You drop an uncursed ring of stealth.
Drop what? 26/52 slots (_ for help) (? for menu, Esc to quit)
You drop a +0 scale mail.
You drop a +0 chain mail.
Okay, then.
(D) Dungeon (T) Temple
Where to? (Enter - D:7, ? - help)
There is a stone staircase leading down here.
You climb downwards.
An orc and an orc warrior come into view.
The orc warrior is wielding a +1 flail of holy wrath.
The orc warrior shouts!
The orc shouts!
You hear a shout!
There is a stone staircase leading up here.
An orc comes into view. It is wielding a +0 short sword.
The orc shouts!
An orc priest comes into view. It is wielding a +0 mace.
You slash the orc!
You kill the orc!
Makhleb accepts your kill.
You feel better.
The orc priest looks satisfied for a moment.
A two-headed ogre comes into view.
It is wielding a -2 giant spiked club and a +0 giant club.
You barely miss the orc warrior.
The orc warrior hits you with a +1 flail of holy wrath!
You hit the orc warrior.
The orc warrior is lightly wounded.
The orc warrior hits you with a +1 flail of holy wrath!
You slash the orc warrior!
The orc warrior is heavily wounded.
You hit the orc. The orc completely misses you.
The orc warrior hits you but does no damage.
You barely miss the orc warrior.
The orc warrior is heavily wounded.
You hit the orc but do no damage. You block the orc's attack.
The orc priest calls upon Beogh to heal the orc warrior.
The orc warrior is healed somewhat.
The orc warrior hits you but does no damage.
The orc hits you but does no damage.
You closely miss the orc.
The orc is heavily wounded.
Your shield and plate armour prevent you from hitting the orc priest.
You closely miss the orc warrior. You block the orc's attack.
You block the orc priest's attack.
You closely miss the orc.
The orc is heavily wounded.
You slash the orc priest! You closely miss the orc warrior.
The orc warrior hits you but does no damage.
You block the orc's attack.
You closely miss the orc.
The orc is heavily wounded.
You closely miss the orc warrior. You hit the two-headed ogre.
The orc warrior hits you with a +1 flail of holy wrath!
The orc hits you but does no damage.
The orc priest looks braver for a moment.
You closely miss the orc.
The orc is heavily wounded.
You hit the two-headed ogre but do no damage.
You barely miss the orc warrior. You block the two-headed ogre's attack.
The two-headed ogre closely misses you.
The orc warrior hits you but does no damage.
The orc hits you but does no damage.
Your shield and plate armour prevent you from hitting the orc.
The orc is heavily wounded.
You hit the orc warrior but do no damage.
Your plate armour prevents you from hitting the two-headed ogre.
The orc warrior hits you with a +1 flail of holy wrath!
The two-headed ogre hits you with a cursed -2 giant spiked club!!
* * * LOW HITPOINT WARNING * * *
The two-headed ogre hits you but does no damage.
The orc hits you but does no damage.
You are too injured to fight recklessly!
You are too injured to fight recklessly!
You are too injured to fight recklessly!
You are too injured to fight recklessly!
You are too injured to fight recklessly!
You are too injured to fight recklessly!
You are too injured to fight recklessly!
You are too injured to fight recklessly!
You are too injured to fight recklessly!
You are too injured to fight recklessly!
You are too injured to fight recklessly!
You are too injured to fight recklessly!
You are too injured to fight recklessly!
You are too injured to fight recklessly!
You are too injured to fight recklessly!
You are too injured to fight recklessly!
You feel much better. The orc hits you but does no damage.
You block the two-headed ogre's attack.
The two-headed ogre hits you with a +0 giant club!!
* * * LOW HITPOINT WARNING * * *
You fail to use your ability.
You block the orc's attack.
The orc warrior hits you but does no damage.
The orc priest hits you but does no damage.
The two-headed ogre completely misses you.
The two-headed ogre hits you with a +0 giant club!!
You die...

** #.. ##..# *
##...# , #....#
, ##....# * ,
#.....#####,
###...o......
#..<.@o......,
,
#.....oO......
#..............
,
#...########...
#..#* * #. ,,
#.. * , ## * ,
, , * * , ,*


You could see a two-headed ogre, an orc warrior, an orc priest and an orc.

Vanquished Creatures
  Eustachio (D:4)
  An orc warrior (D:6)
  3 ogres
  A phantom (D:6)
  A centaur (D:5)
  2 bullfrogs
  2 water moccasin skeletons
  A water moccasin zombie (D:5)
  3 howler monkeys
  A centaur zombie (D:6)
  2 bullfrog skeletons
  A bullfrog zombie (D:7)
  A centaur skeleton (D:6)
  2 orc priests
  2 hounds
  2 iguanas
  Terence (D:2)
  3 orc wizards
  Natasha (twice) (D:2)
  6 worker ants
  A howler monkey zombie (D:6)
  3 worker ant zombies
  Robin (D:4)
  10 adders
  4 gnolls (D:3)
  3 white imps
  An ufetubus (D:7)
  2 adder skeletons (D:5)
  2 dart slugs
  A leopard gecko (D:6)
  14 orcs
  4 bats
  4 giant cockroaches
  12 goblins
  5 hobgoblins
  9 jackals
  2 quokkas
  2 ball pythons (D:3)
  3 frilled lizards
  3 kobolds
  A leopard gecko skeleton (D:6)
  A quokka skeleton (D:5)
  2 rats (D:2)
128 creatures vanquished.

Notes
Turn   | Place    | Note
-------+----------+-------------------------------------------
     0 | D:1      | EnegeticOcto the Deep Dwarf Fighter began the quest for the
                  | Orb.
     0 | D:1      | Reached XP level 1. HP: 20/20 MP: 1/1
   299 | D:1      | Reached XP level 2. HP: 22/27 MP: 2/2
   386 | D:2      | Noticed Terence
   400 | D:2      | Killed Terence
   400 | D:2      | Reached skill level 3 in Axes
   400 | D:2      | Reached XP level 3. HP: 33/34 MP: 2/2
   496 | D:2      | Noticed Natasha
   503 | D:2      | Killed Natasha
   503 | D:2      | Reached XP level 4. HP: 30/42 MP: 3/3
   591 | D:2      | Found a blossoming altar of Fedhas.
   758 | D:2      | Noticed Natasha
   768 | D:2      | Killed Natasha
   919 | D:3      | Reached skill level 4 in Axes
   919 | D:3      | Reached XP level 5. HP: 24/49 MP: 4/4
   980 | D:3      | Found a shimmering altar of Xom.
   987 | D:3      | Found a radiant altar of Vehumet.
   998 | D:3      | Found an ancient bone altar of Kikubaaqudgha.
   999 | D:3      | Found a shimmering blue altar of Sif Muna.
  1257 | D:4      | Noticed Robin
  1278 | D:4      | Killed Robin
  1337 | D:4      | Found a staircase to the Ecumenical Temple.
  1433 | D:4      | Reached XP level 6. HP: 42/57 MP: 5/5
  1492 | Temple   | Entered the Ecumenical Temple
  1594 | Temple   | Became a worshipper of Makhleb the Destroyer
  1973 | D:4      | Noticed Eustachio
  2014 | D:4      | Killed Eustachio
  2014 | D:4      | Reached skill level 5 in Axes
  2014 | D:4      | Reached skill level 1 in Invocations
  2125 | D:5      | Entered Level 5 of the Dungeon
  2221 | D:5      | Reached XP level 7. HP: 33/64 MP: 7/7
  2225 | D:5      | Found a runed translucent door.
  2329 | D:5      | Reached skill level 5 in Armour
  2342 | D:5      | Reached skill level 5 in Shields
  2366 | D:5      | Reached * piety under Makhleb
  2373 | D:5      | Reached skill level 6 in Axes
  2657 | D:5      | Noticed Amon001's ghost (weakling GnDe)
  2874 | D:6      | Reached XP level 8. HP: 64/73 MP: 8/8
  2931 | D:6      | Found an iron altar of Okawaru.
  3022 | D:6      | Reached skill level 7 in Axes
  3128 | D:6      | Reached ** piety under Makhleb
  3190 | D:6      | Found a hide-covered altar of Uskayaw.
  3402 | D:6      | Reached skill level 5 in Fighting
  3626 | D:7      | Found a shadowy altar of Dithmenos.
  3868 | D:7      | Reached skill level 8 in Axes
  3872 | D:7      | Found Bocs's Book Shoppe.
  4057 | D:7      | Gained mutation: You passively map the area around you.
                  | [Deep Dwarf growth]
  4057 | D:7      | Reached XP level 9. HP: 59/81 MP: 8/8
  4399 | D:8      | Noticed a two-headed ogre
  4410 | D:8      | Slain by a two-headed ogre

Illustrated notes

Levels and vault maps discovered:
D:1:      wander_arrival_peaceful_grave, layout_basic
D:2:      layout_loops_ring, nicolae_overflow_hidden_temple,
          lemuel_crystal_altar, st_stairs_4, due_unseen_surprise, uniq_natasha,
          uniq_terence
D:3:      layout_basic, grunt_temple_overflow_magic_moments, old_standard_altar,
          lemuel_another_geyser
D:4:      layout_basic, minmay_temple_entry_nine_rooms, uniq_robin,
          uniq_eustachio
D:5:      layout_loops_ring, ebering_ghost_sewer_d
D:6:      layout_gridville, okawaru_gym_becter, eat_drink_and_be_merry_uskayaw,
          hangedman_decor_opposing
D:7:      layout_layer_cave, nicolae_dithmenos_the_darkroom, serial_shops,
          shop_statue, minmay_misc_feat_more_columns,
          hangedman_abyss_or_decor_passed
D:8:      layout_layer_cave, erik_lair_island, serial_shops, shop
Temple:   dshaligram_water_room_temple

Skill      XL: |  1  2  3  4  5  6  7  8 |
---------------+-------------------------+-----
Fighting       | 3 4 5 |  5.2
Axes           | 3 4 5 6 8 |  8.0
Armour         | 4 5 6 |  6.3
Shields        | 4 5 6 |  6.2
Invocations    | 1 3 4 |  4.9

Action                   |  1- 3 |  4- 6 |  7- 9 || total
-------------------------+-------+-------+-------++-------
Melee: War axe           |    75 |   187 |   281 ||   543
 Abil: Heal Wounds       |     1 |     2 |    10 ||    13
Armor: Scale mail        |    18 |       |       ||    18
       Chain mail        |    12 |   164 |   113 ||   289
       Plate armour      |       |       |    47 ||    47
Dodge: Dodged            |    17 |    45 |    47 ||   109
Block: Kite shield       |    46 |   110 |   178 ||   334

Table legend: (Time is in decaauts)
 A = Elapsed time spent in this place.
 B = Non-inter-level travel time spent in this place.
 C = Inter-level travel time spent in this place.
 D = Time resting spent in this place.
 E = Time spent auto-exploring this place.
 F = Levels seen in this place.
 G = Mean time per level.
                   A        B        C        D        E       F      G
               +--------+--------+--------+--------+--------+-----+--------+
         Total |   4572 |   4311 |    261 |      0 |   3244 |   9 |  508.0 |
       Dungeon |   4456 |   4239 |    217 |      0 |   3175 |   8 |  557.0 |
        Temple |    115 |     71 |     44 |      0 |     69 |   1 |  115.0 |
               +--------+--------+--------+--------+--------+-----+--------+

Top non-repeatable levels by time:
     D:7: 918 daAuts
     D:4: 796 daAuts
     D:5: 771 daAuts
     D:6: 645 daAuts
     D:2: 533 daAuts
     D:3: 414 daAuts
     D:1: 362 daAuts
  Temple: 115 daAuts
     D:8: 15 daAuts
